 Dungeon Crawl Stone Soup version 0.22-a0-558-gc2241811a9 (webtiles) character file.

93 Hercules1031 the Magician (level 4, 0/52 HPs)
             Began as a Demigod Wizard on June 27, 2018.
             Succumbed to Crazy Yiuf's poison
             ... on level 3 of the Dungeon.
             The game lasted 00:11:31 (2108 turns).

Hercules1031 the Magician (Demigod Wizard)          Turns: 2108, Time: 00:11:32

Health: 0/52       AC: 22    Str: 10      XL:     4   Next: 14%
Magic:  8/12       EV:  2    Int: 25 (26) God:
Gold:   126        SH:  0    Dex: 16      Spells: 1/9 levels left

rFire    . . .     SeeInvis .   m - +0 spear
rCold    . . .     Gourm    .   (no shield)
rNeg     + + +     Faith    .   (armour currently unavailable)
rPois    +         Spirit   .   (helmet currently unavailable)
rElec    .         Reflect  .   (cloak currently unavailable)
rCorr    .         Harm     .   (gloves currently unavailable)
MR       .....     NoTele   +   (boots currently unavailable)
Stlth    ++........             (no amulet)
HPRegen  0.17/turn              h - ring of poison resistance
MPRegen  0.13/turn              (no ring)

@: lethally poisoned (0 -> -3), tree-form, berserk cooldown, slowed, very slow
A: thin skeletal structure 1, clever 1, high mp 2, sense surroundings 1
a: no special abilities


You were on level 3 of the Dungeon.
You were not hungry.
You were a tree.
You visited 1 branch of the dungeon, and saw 3 of its levels.

You collected 126 gold pieces.

Inventory:

Hand Weapons
 m - a +0 spear (weapon)
Armour
 a - a +0 robe (melded)
 b - a +0 hat
 c - a cursed +0 helmet (melded)
 g - a +0 ring mail
 i - a +0 pair of boots (melded)
Jewellery
 h - a ring of poison resistance (left branch)
 n - a +5 amulet of reflection {unknown}
Scrolls
 e - a scroll of amnesia {unknown}
 f - 3 scrolls of immolation {unknown}
 j - a scroll of random uselessness {unknown}
 l - 2 scrolls of remove curse {unknown}
 o - a scroll of teleportation {unknown}
Potions
 k - a potion of mutation


   Skills:
 - Level 1.2 Fighting
 + Level 0.3 Polearms
 + Level 0.7 Armour
 + Level 2.4 Dodging
 - Level 1.7 Stealth
 + Level 3.3 Spellcasting
 + Level 1.7 Conjurations
 - Level 0.8 Summonings
 - Level 0.8 Translocations
 + Level 0.1 Fire Magic


You had one spell level left.
You knew the following spells:

 Your Spells              Type           Power        Failure   Level  Hunger
a - Magic Dart            Conj           ##..         4%          1    None
b - Blink                 Tloc           N/A          11%         2    #......
c - Call Imp              Summ           #.......     11%         2    #......
d - Conjure Flame         Conj/Fire      #.......     21%         3    ###....

Your spell library contained the following spells:

 Spells                   Type           Power        Failure   Level  Hunger
 Slow                     Hex            #.......     14%         2    #......
 Mephitic Cloud           Conj/Pois/Air  #.......     24%         3    ###....


Dungeon Overview and Level Annotations

Branches:
Dungeon (3/15)

Annotations:
D:3 Crazy Yiuf


Innate Abilities, Weirdness & Mutations

You have a considerably increased reservoir of magic. (+20% MP)
You have a somewhat thin skeletal structure. (Dex +2, Stealth)
Your mind is acute. (Int +2)
You passively map a small area around you.


Message History

Unknown command.
Casting: Magic Dart (safe; 4% risk of failure)
Confirm with . or Enter, or press ? or * to list all spells.
Aiming: Magic Dart (safe; 4% risk of failure)
Press: ? - help, Shift-Dir - straight line, f/p - Crazy Yiuf
Aim: Crazy Yiuf, wielding a quarterstaff of chaos and wearing an embroidered cloak (lightly wounded)
The magic dart hits Crazy Yiuf.
Crazy Yiuf is lightly wounded.
* * * LOW HITPOINT WARNING * * *
You feel sick.
Crazy Yiuf glowers.
Crazy Yiuf hits you but does no damage.
Casting: Magic Dart (safe; 4% risk of failure)
Confirm with . or Enter, or press ? or * to list all spells.
Aiming: Magic Dart (safe; 4% risk of failure)
Press: ? - help, Shift-Dir - straight line, f/p - Crazy Yiuf
Aim: Crazy Yiuf, wielding a quarterstaff of chaos and wearing an embroidered cloak (lightly wounded)
The magic dart hits Crazy Yiuf.
Crazy Yiuf is lightly wounded.
You die...

* ........ #........
#....(... #.......
#....... #.......
#### ♣♣##.......
#)..#♣♣ ♣♣..........
#..g♣.♣♣♣♣.P.........
#...#♣..♣............
, ####
♣♣♣.♣....######.
♣♣♣♣♣### #. #. , , *
## , * * * * * , , ,
,,


You could see Crazy Yiuf.

Vanquished Creatures
  2 adders (D:2)
  3 oozes
  2 leopard geckos
  13 bats
  5 giant cockroaches
  8 goblins
  3 hobgoblins
  3 quokkas
  2 frilled lizards
  7 kobolds
  7 rats
55 creatures vanquished.

Notes
Turn   | Place    | Note
-------+----------+-------------------------------------------
     0 | D:1      | Hercules1031 the Demigod Wizard began the quest for the Orb.
     0 | D:1      | Reached XP level 1. HP: 14/14 MP: 6/6
    30 | D:1      | Reached skill level 1 in Conjurations
   184 | D:1      | Reached XP level 2. HP: 22/22 MP: 0/8
   304 | D:1      | Reached skill level 3 in Spellcasting
   648 | D:1      | Learned a level 2 spell: Blink
   661 | D:1      | Learned a level 2 spell: Call Imp
   939 | D:1      | Reached XP level 3. HP: 19/27 MP: 5/10
   967 | D:1      | Reached skill level 1 in Fighting
  1080 | D:2      | Gained mutation: You have a considerably increased reservoir of magic. (+20% MP) [potion of mutation]
  1080 | D:2      | Gained mutation: You passively map a small area around you. [potion of mutation]
  1080 | D:2      | Gained mutation: You have a somewhat thin skeletal structure. (Dex +2, Stealth) [potion of mutation]
  1080 | D:2      | Gained mutation: Your mind is acute. (Int +2) [potion of mutation]
  1642 | D:2      | Learned a level 3 spell: Conjure Flame
  1744 | D:2      | Reached XP level 4. HP: 32/35 MP: 6/12
  2093 | D:3      | Found a runed door.
  2098 | D:3      | Noticed Crazy Yiuf
  2106 | D:3      | HP: 2/52 [Crazy Yiuf/quarterstaff of chaos (2)]
  2108 | D:3      | Succumbed to Crazy Yiuf's poison

Vault maps used:
D:1:      erik_arrival_gehennom, palyth_stone_intersect
D:3:      uniq_crazy_yiuf_cottage

Skill      XL: |  1  2  3 |
---------------+----------+-----
Conjurations   | 1 |  1.7
Dodging        | 2 |  2.4
Spellcasting   | 3 |  3.3
Fighting       | 1 |  1.2
Polearms       | |  0.3
Armour         | |  0.7
Stealth        | |  1.7
Summonings     | |  0.8
Translocations | |  0.8
Fire Magic     | |  0.1

Action                   |  1- 3 |  4- 6 || total
-------------------------+-------+-------++-------
Melee: Unarmed           |    71 |       ||    71
       Spear             |     3 |     4 ||     7
 Cast: Magic Dart        |   103 |    21 ||   124
       Blink             |     4 |       ||     4
       Call Imp          |     1 |       ||     1
  Use: Potion            |     8 |     2 ||    10
       Scroll            |     1 |       ||     1
  Eat: Ration            |     2 |       ||     2
Armor: Robe              |    45 |       ||    45
       Skin              |       |     4 ||     4
Dodge: Dodged            |    98 |     4 ||   102

Table legend:
 A = Spawn XP
 B = Non-spawn XP
 C = Spawn XP percentage of total XP
 D = Spawn monster count
 E = Non-spawn monster count
 F = Spawn count percentage of total count
 G = Total turns spent on level
                    A         B        C        D         E        F      G
               +---------+---------+-------+---------+---------+-------+---------
         Total |       0 |     133 |   0.0 |       0 |      55 |   0.0 |  2108
               +---------+---------+-------+---------+---------+-------+---------
           D:1 |       0 |      56 |   0.0 |       0 |      26 |   0.0 |  1070
           D:2 |       0 |      63 |   0.0 |       0 |      21 |   0.0 |   789
           D:3 |       0 |      14 |   0.0 |       0 |       8 |   0.0 |   249
               +---------+---------+-------+---------+---------+-------+---------
